 Dungeon Crawl Stone Soup version 0.21-a0-529-g8c7b3f5 (webtiles) character file.

137 Gildeon the Sneak (level 5, -10/38 HPs)
             Began as a Human Assassin on Dec 9, 2017.
             Mangled by a gnoll
             ... wielding a +0 flail
              (12 damage)
             ... on level 3 of the Dungeon.
             The game lasted 00:22:13 (3072 turns).

Gildeon the Sneak (Human Assassin)                  Turns: 3072, Time: 00:22:14

Health: -10/38     AC:  6    Str: 12    XL:     5   Next: 43%
Magic:  5/5        EV: 11    Int: 11    God:
Gold:   130        SH:  0    Dex: 15    Spells: 4/4 levels left

rFire    . . .     SeeInvis .   a - +2 dagger
rCold    . . .     Gourm    .   (no shield)
rNeg     . . .     Faith    .   n - +0 leather armour
rPois    .         Spirit   .   i - +0 helmet
rElec    .         Reflect  .   d - +0 cloak
rCorr    .         Harm     .   k - +0 pair of gloves
MR       .....                  (no boots)
Stlth    +++.......             (no amulet)
HPRegen  0.12/turn              c - ring of wizardry
MPRegen  0.09/turn              (no ring)

@: lethally poisoned (-10 -> -12)
A: no striking features
a: no special abilities


You were on level 3 of the Dungeon.
You were not hungry.

You visited 1 branch of the dungeon, and saw 3 of its levels.

You collected 130 gold pieces.

Inventory:

Hand Weapons
 a - a +2 dagger (weapon)
 b - a +0 blowgun
Missiles
 e - 13 poisoned needles
Armour
 d - a +0 cloak (worn)
 i - a +0 helmet (worn)
 k - a +0 pair of gloves (worn)
 n - a +0 leather armour (worn)
Jewellery
 c - a ring of wizardry (left hand)
Scrolls
 f - a scroll of remove curse
Potions
 j - a potion of resistance {unknown}
 m - a potion of heal wounds {unknown}
Comestibles
 g - 3 bread rations
 h - 2 meat rations
 l - a royal jelly


   Skills:
 - Level 2.0 Fighting
 + Level 4.4 Short Blades
 - Level 2.0 Throwing
 - Level 1.0 Dodging
 - Level 5.0 Stealth


You had 4 spell levels left.
You didn't know any spells.

Dungeon Overview and Level Annotations

Branches:
Dungeon (3/15)

Altars:
The Shining One


Message History

The gnoll is moderately wounded.
You closely miss the gnoll.
The gnoll is moderately wounded.
The gnoll hits you but does no damage.
You hit the gnoll.
The gnoll is severely wounded.
You closely miss the gnoll. You hit the gnoll.
The gnoll is moderately wounded.
You feel sick. The gnoll misses you.
You closely miss the gnoll.
The gnoll is moderately wounded.
You completely miss the gnoll.
The gnoll is moderately wounded.
The gnoll hits you with a flail!
* * * LOW HITPOINT WARNING * * *
You hit the gnoll.
The gnoll is severely wounded.
The gnoll hits you with a flail!
You die...

##.# #.....## ####..######
...## #.#..## #....## #...#
####.#.## ###.####
#...#####......#####...#
#.#..##......#.......###
#.##....#.#####.###### ..
#..###.# ##.# . .......
..####..#######....
...#............@ggg†...!..
#####..####.....########..?
#..# #......# ..###.......#
$.. ....$.... #......$#
#.$....## ......


You could see 3 gnolls.

Vanquished Creatures
  4 adders
  A shadow imp (D:2)
  2 oozes
  3 worms
  4 dart slugs
  2 leopard geckos
  5 giant cockroaches
  11 hobgoblins
  8 jackals
  A quokka (D:2)
  7 bats
  5 frilled lizards
  6 goblins
  4 kobolds
  2 rats
65 creatures vanquished.

Notes
Turn   | Place    | Note
-------+----------+-------------------------------------------
     0 | D:1      | Gildeon the Human Assassin began the quest for the Orb.
     0 | D:1      | Reached XP level 1. HP: 16/16 MP: 1/1
   152 | D:1      | Reached XP level 2. HP: 19/22 MP: 2/2
   476 | D:1      | Reached XP level 3. HP: 7/27 MP: 3/3
   479 | D:1      | Reached skill level 5 in Stealth
   747 | D:1      | Found a glowing golden altar of the Shining One.
  1282 | D:2      | Reached XP level 4. HP: 33/33 MP: 4/4
  2385 | D:3      | Reached XP level 5. HP: 35/38 MP: 5/5
  3071 | D:3      | HP: 1/38 [gnoll/flail (11)]
  3072 | D:3      | Mangled by a gnoll

Vault maps used:
D:1:      eino_arrival_cavern_b, tso_altar
D:2:      first_bread
D:3:      lemuel_round_altar

Skill      XL: |  1  2  3  4  5 |
---------------+----------------+-----
Stealth        | 5 |  5.0
Short Blades   | 3 4 |  4.4
Fighting       | |  2.0
Throwing       | |  2.0
Dodging        | |  1.0

Action                   |  1- 3 |  4- 6 || total
-------------------------+-------+-------++-------
Melee: Dagger            |    71 |   153 ||   224
 Fire: Blowgun           |    43 |    55 ||    98
  Use: Scroll            |     2 |     4 ||     6
       Potion            |     2 |       ||     2
 Stab: Sleeping          |     1 |     4 ||     5
  Eat: Bread ration      |     1 |       ||     1
       Chunk             |       |     2 ||     2
Armor: Robe              |    35 |    17 ||    52
       Leather armour    |       |    22 ||    22
Dodge: Dodged            |    49 |    53 ||   102

Table legend:
 A = Spawn XP
 B = Non-spawn XP
 C = Spawn XP percentage of total XP
 D = Spawn monster count
 E = Non-spawn monster count
 F = Spawn count percentage of total count
 G = Total turns spent on level
                    A         B        C        D         E        F      G
               +---------+---------+-------+---------+---------+-------+---------
         Total |       0 |     196 |   0.0 |       0 |      65 |   0.0 |  3072
               +---------+---------+-------+---------+---------+-------+---------
           D:1 |       0 |      34 |   0.0 |       0 |      19 |   0.0 |   907
           D:2 |       0 |      95 |   0.0 |       0 |      29 |   0.0 |  1439
           D:3 |       0 |      67 |   0.0 |       0 |      17 |   0.0 |   726
               +---------+---------+-------+---------+---------+-------+---------
